elenmirie, chaotic female elven Wizard -- --- ---- --.--.---..| |......|...---- --- ----- |.............| --.--- --- ---- ---- |...------ --............--- |....|--- --.--- --..--- --..| |.....--.--- ----...........| --....--.---....| |.....-- --...---..........| |...........---|.........*.....| --- --.....| |.................-- |.............|--.............-- --.-- |--..-- |..................| |...--........---.........----- |...| |...-- |..--..........--.-- |.-----....a..............| ---- -..---%--- ------.....|..|...| |.| --...>...............----..| |......--- |....------.--- |.| |...(.......--.|......--..- ---..%.....| ------ |...|------ |.|---x.........--------.......| |..........| ---.---|....--- |.--x.a|...---..| --.......--|.........-- |...| |.....%--------..@a------- ---- ---.........--........-- ---.--- --.%.%%%..........a.| -----................---.-- |.%.| ---.--.-----------...| ---.|.....)....<.......- --- --.--- |...|--- |...| --.....|..|..............- |..-------.--- |.a-- |....-----|....---........| |..........| ---- ------ --.--- |..--.---- ------------ --- ------- elenmirie the Thaumaturge Experience level: 7 Strength: 11 Dexterity: 15 Constitution: 15 Intelligence: 20 Wisdom: 11 Charisma: 9 Health: 0(45) Energy: 94(94) Def: 1 Gold: 65 Moves: 6010 Dungeon seed: ILuoNbMQTL0Dj5E7 Game ID: elenmirie_1465993930 Your Inventory: Coins $ - 65 gold pieces Amulets q - a cursed amulet of strangulation x - a cursed amulet of strangulation Weapons a - a blessed +1 quarterstaff v - 3 uncursed +0 daggers N - the blessed rustproof +1 Magicbane (weapon in hand) Armor G - an uncursed +0 cloak of magic resistance (being worn) Comestibles f - 2 uncursed carrots h - an uncursed cream pie A - a cursed sprig of wolfsbane Rings c - an uncursed ring of stealth d - an uncursed ring of polymorph l - a blessed +1 ring of gain strength t - an uncursed ring of teleport control (on left hand) C - an uncursed ring of warning E - a cursed ring of teleportation H - an uncursed ring of cold resistance R - an uncursed ring of protection from shape changers V - a cursed +2 ring of gain strength W - an uncursed ring of polymorph control Wands b - an uncursed wand of magic missile (0:6) j - an uncursed wand of lightning (0:5) y - an uncursed wand of locking (0:6) D - an uncursed wand of cold (0:5) X - an uncursed wand of slow monster (0:4) Tools e - a cursed lock pick n - an uncursed tooled horn w - an uncursed bag of holding J - an uncursed mirror S - a cursed sack Y - a cursed tallow candle (0:200) Contents of the bag of holding: 3076 gold pieces 2 uncursed scrolls of blank paper a cursed scroll of blank paper 3 uncursed scrolls of destroy armor 2 uncursed scrolls of earth 8 uncursed scrolls of identify an uncursed scroll of punishment an uncursed scroll of taming an uncursed scroll of teleportation a blessed spellbook of force bolt an uncursed spellbook of magic missile a cursed potion of confusion an uncursed potion of extra healing a cursed potion of extra healing an uncursed potion of full healing 2 uncursed potions of gain energy an uncursed potion of paralysis a blessed potion of see invisible a cursed potion of sickness an uncursed potion of water 5 uncursed tallow candles (0:200) Spells and supernatural/magical abilities: Name Level Category Fail Memory a - force bolt 1 attack 0% 70% m - magic missile 2 attack 0% 70% C - cancellation 6 matter 100% 73% W - pray for help -- divine ? -- Your skills at the end: Fighting Skills wands [Basic] Weapon Skills quarterstaff [Basic] Spellcasting Skills attack spells [Basic] enchantment spells [Basic] Final Attributes: You were piously aligned. You were sleep resistant. You were poison resistant. You were magic-protected. You saw invisible. You were telepathic. You had infravision. You had teleport control. You are dead. Vanquished creatures: a ghost 2 small mimics a wolf 2 leprechauns a dingo a housecat a jaguar a dwarf lord 2 blue jellies 3 human zombies a rope golem an imp a mountain nymph 4 Uruk-hai a rock piercer a rock mole 3 ponies a shrieker 2 violet fungi 4 gnome lords a gnomish wizard a kobold mummy 2 gray oozes an elf zombie a paper golem 4 giant ants a little dog 2 floating eyes 4 kittens 3 dwarves 2 kobold lords 3 hill orcs a rabid rat 2 giant bats a dwarf zombie 2 wererats an iguana 3 killer bees 3 acid blobs 2 coyotes a gas spore 3 hobbits 11 manes 3 large kobolds 2 hobgoblins 7 giant rats 6 cave spiders a brown mold 2 yellow molds 3 green molds a red mold 11 gnomes 7 garter snakes a gnome zombie 7 geckos 6 jackals 5 foxes 2 kobolds 6 goblins 5 sewer rats 6 grid bugs 6 bats 2 lichens a kobold zombie 6 newts 185 creatures vanquished. Voluntary challenges: You used a wielded weapon 165 times, starting on turn 237. You read items or engraved 58 times, starting on turn 528. You never genocided any monsters. You never polymorphed an object. You never changed form. You used no wishes. You never split a pudding. You wrote Elbereth's name 3 times, starting on turn 2803. You violated your moral code, losing 10 points of alignment, starting on turn 4716. Dungeon overview: The Dungeons of Doom: levels 1 to 7 Level 1 a sink a long staircase Level 2 a fountain Level 3 some fountains, a sink stairs to The Gnomish Mines Level 4 a scroll shop, a fountain Level 5 many fountains Level 6 a fountain stairs to Sokoban Level 7 an altar to Anhur The Gnomish Mines: levels 4 to 5 Level 4 stairs to The Dungeons of Doom Level 5 <- You were here Sokoban: levels 2 to 5 Level 2 Level 3 Level 4 Level 5 stairs to The Dungeons of Doom History has recorded: On T:1 you entered the Dungeons of Doom to retrieve the Amulet of Yendor! On T:303 you reached level 2 of The Dungeons of Doom. On T:375 you advanced to experience level 2. On T:687 you reached level 3 of The Dungeons of Doom. On T:1022 you reached level 4 of The Dungeons of Doom. On T:1103 you advanced to experience level 3. On T:1245 you advanced to experience level 4. On T:1396 you advanced to experience level 5. On T:1555 you reached level 5 of The Dungeons of Doom. On T:1697 you reached level 7 of The Dungeons of Doom. On T:1837 you reached level 6 of The Dungeons of Doom. On T:2310 you reached level 4 of Sokoban. On T:2723 you advanced to experience level 6. On T:2748 you reached level 3 of Sokoban. On T:3699 you reached level 2 of Sokoban. On T:4321 you reached level 1 of Sokoban. On T:4713 you advanced to experience level 7. On T:5380 you received Magicbane from Anhur. On T:5680 you reached level 1 of The Gnomish Mines. On T:5712 you reached level 2 of The Gnomish Mines. Score breakdown: Gold: 3141 (11896 points) Experience: 7 levels (13645 points) Exploration: 7 levels ( 14.58%) (10718 points) Discoveries: 10 items ( 3.58%) ( 5679 points) Valuables value: (no points given unless you survive) Artifact value: 3500 (12056 points) Variety of kills: 65 monsters ( 16.97%) (12358 points) Turncount: 6010 turns (-1626 points) Survival: died (score multiplied by 80%) Total score: 51780 Latest messages: You engrave in the floor with a blessed athame named Magicbane (weapon in hand). The killer bee turns to flee! (3x) The magic-absorbing blade stuns the killer bee! You kill the killer bee! The killer bee turns to flee! The magic-absorbing blade scares the killer bee! You kill the killer bee! You miss the killer bee. The killer bee stings! The magic-absorbing blade stuns the killer bee! You kill the killer bee! The killer bee stings! You miss the killer bee. The killer bee stings! (4x) You begin praying to Anhur. The killer bee stings! (2x) You die... The sack is empty. The sack is empty. Final status: Goodbye elenmirie the Wizard, killed by a killer bee, while praying... You died in The Gnomish Mines on dungeon level 5 with 51780 points, and 3141 pieces of gold, after 6010 moves. You were level 7 with a maximum of 45 hit points when you died.